 Dungeon Crawl Stone Soup version 0.23-a0-169-gb21e695 (webtiles) character file.

9715 grindst0ne the Fighter (level 11, -4/92 HPs)
             Began as a Mummy Gladiator on Sept 11, 2018.
             Was an Initiate of Gozag.
             Slain by a minotaur (18 damage)
             ... in a labyrinth.
             The game lasted 00:27:07 (13751 turns).

grindst0ne the Fighter (Mummy Gladiator)           Turns: 13751, Time: 00:27:08

Health: -4/92      AC: 18    Str: 24    XL:     11   Next: 26%
Magic:  0/15       EV: 11    Int: 10    God:    Gozag
Gold:   1315       SH: 13    Dex: 22    Spells: 10/10 levels left

rFire    . . .     SeeInvis .   q - +1 hand axe (elec)
rCold    + + .     Gourm    .   B - +2 shield
rNeg     + + +     Faith    .   m - +1 plate armour {rPois}
rPois    ∞         Spirit   +   G - +1 helmet
rElec    +         Reflect  .   c - scarf {Spirit}
rCorr    +         Harm     .   y - +2 pair of gloves
MR       +....                  (no boots)
Stlth    ..........             (no amulet)
HPRegen  0.25/turn              z - +4 ring of dexterity
MPRegen  0.14/turn              s - +2 ring of protection

@: mighty, agile, resistant, hasted, very quick
A: no food or potions, fire vulnerability, cold resistance 1, negative energy
resistance 3, torment resistance, unbreathing
a: Potion Petition, Call Merchant, Bribe Branch, Renounce Religion


You were in a labyrinth.
You worshipped Gozag.
Gozag was most pleased with you.
You were not hungry.

You visited 2 branches of the dungeon, and saw 13 of its levels.
You also visited: Labyrinth and Ossuary.

You collected 1744 gold pieces.
You spent 307 gold pieces at shops.
You paid 122 gold pieces to Gozag.

Inventory:

Hand Weapons
 a - a +0 war axe
 q - a +1 hand axe of electrocution (weapon)
Missiles
 p - 4 tomahawks of returning (quivered)
 t - 2 steel javelins
Armour
 c - a scarf of spirit shield (worn)
 m - a +1 plate armour of poison resistance (worn)
 y - a +2 pair of gloves (worn)
 B - a +2 shield (worn)
 G - a +1 helmet (worn)
Jewellery
 j - an uncursed ring of protection from magic
 n - an uncursed ring of flight
 r - an uncursed ring of fire
 s - a +2 ring of protection (right hand)
 z - a +4 ring of dexterity (left hand)
 E - an uncursed ring of protection from cold
Wands
 u - a wand of disintegration (11)
Scrolls
 b - a scroll of vulnerability
 e - a scroll of enchant armour
 g - 2 scrolls of identify
 h - 6 scrolls of remove curse
 i - 4 scrolls of immolation
 k - a scroll of fog
 l - 3 scrolls of amnesia
 o - 9 scrolls of teleportation
 v - a scroll of noise
 w - a scroll of fear
 x - 3 scrolls of enchant weapon
 A - a scroll of brand weapon
 F - a scroll of blinking


   Skills:
 + Level 10.6 Fighting
 + Level 9.2 Axes
 - Level 1.5 Throwing
 - Level 2.4 Dodging
 + Level 5.2 Shields
 - Level 6.0 Evocations


You had 10 spell levels left.
You didn't know any spells.
Your spell library contained the following spells:

 Spells                   Type           Power        Failure   Level  Hunger
 Corona                   Hex            #......      100%        1    N/A
 Magic Dart               Conj           #...         100%        1    N/A
 Shock                    Conj/Air       #...         100%        1    N/A
 Blink                    Tloc           N/A          100%        2    N/A
 Call Imp                 Summ           #.......     100%        2    N/A
 Ensorcelled Hibernation  Hex/Ice        #.....       100%        2    N/A
 Slow                     Hex            #.......     100%        2    N/A
 Swiftness                Chrm/Air       #.......     100%        2    N/A
 Confuse                  Hex            #.......     100%        3    N/A
 Conjure Flame            Conj/Fire      #.......     100%        3    N/A
 Dazzling Spray           Conj/Hex       #.....       100%        3    N/A
 Mephitic Cloud           Conj/Pois/Air  #.......     100%        3    N/A
 Static Discharge         Conj/Air       #.......     100%        3    N/A
 Tukima's Dance           Hex            #.......     100%        3    N/A
 Airstrike                Air            #.........   100%        4    N/A
 Bolt of Magma            Conj/Fire/Erth #.........   100%        5    N/A
 Iskenderun's Battlesphe  Conj/Chrm      #.......     100%        5    N/A
 Lightning Bolt           Conj/Air       #.........   100%        5    N/A
 Venom Bolt               Conj/Pois      #.........   100%        5    N/A
 Iron Shot                Conj/Erth      #.........   100%        6    N/A
 Orb of Destruction       Conj           #.........   100%        7    N/A
 Spellforged Servitor     Conj/Summ      #.........   100%        7    N/A

Dungeon Overview and Level Annotations

Branches:
Dungeon (12/15)            Temple (1/1) D:7            Lair (0/6) D:10
    Orc (0/2) D:9

Altars:
Ashenzari
Cheibriados
Dithmenos
Elyvilon
Fedhas
Gozag
Hepliaklqana
Kikubaaqudgha
Makhleb
Nemelex Xobeh
Okawaru
Qazlal
Ru
Sif Muna
Trog
Uskayaw
Vehumet
Wu Jian
Xom
Yredelemnul
Zin
The Shining One

Shops:
D:7 :   D:9 [(

Annotations:
D:5 exclusion: downstairs
D:6 exclusion: downstairs
D:9 exclusion: downstairs


Innate Abilities, Weirdness & Mutations

You do not eat or drink.
Your flesh is vulnerable to fire.
You are immune to poison.
Your flesh is cold resistant. (rC+)
You are immune to negative energy. (rN+++)
You are immune to unholy pain and torment.
You can survive without breathing.


Message History

The minotaur headbutts you!
The minotaur is heavily wounded.
The minotaur completely misses you. You block the minotaur's attack.
You can't drink. [a] - 0 gold - heal wounds [b] - 0 gold - resistance, might, haste and agility [c] - 0 gold - haste and brilliance Purchase which effect?
You feel protected.
You feel very mighty all of a sudden.
You feel yourself speed up.
You feel agile all of a sudden. The minotaur hits you!
* * * LOW HITPOINT WARNING * * *
The minotaur gores you!
* * * LOW HITPOINT WARNING * * *
You slash the minotaur!
The minotaur is severely wounded.
The minotaur hits you!!
You die...
Your body crumbles into a pile of gold.

#####.#.# .
...#.#.# . .
#.#.#.##..##
.# #. # # #. .
.............#
#.#####'####.
## . # #(# .#
# ###(## #
#.<(.# #..@⌠+
+⌠H..# #..⌠.#
###+##


You could see a minotaur.

Vanquished Creatures
  2 two-headed ogres
  Maurice (D:9)
  2 trolls
  A hippogriff (D:9)
  6 yaks (D:11)
  Eustachio (D:7)
  2 vampire mosquitoes (D:11)
  2 hungry ghosts
  2 wargs (D:10)
  8 orc warriors
  4 ice beasts
  A sky beast (D:11)
  3 centaurs
  2 ogres
  8 bullfrogs
  3 big kobolds
  A gnoll sergeant (D:7)
  8 scorpions
  25 killer bees
  11 wights
  2 howler monkeys
  A bullfrog zombie (D:11)
  2 crimson imps
  A centaur zombie (Ossuary)
  A quasit (D:11)
  3 hounds
  A human zombie (Ossuary)
  10 orc priests
  A jelly (D:6)
  A bullfrog skeleton (D:12)
  8 orc wizards
  2 iguanas
  2 worker ants
  2 big kobold zombies (Ossuary)
  3 mummies
  A worker ant zombie (D:6)
  7 adders
  4 scorpion zombies (Ossuary)
  A shadow imp (D:11)
  2 adder zombies
  2 adder skeletons
  2 worms (D:3)
  2 dart slugs (D:1)
  6 leopard geckos
  49 orcs
  4 giant cockroaches
  8 goblins
  8 hobgoblins
  16 jackals
  19 kobolds
  3 quokkas
  5 bats
  5 frilled lizards
  5 gnoll zombies (Ossuary)
  3 goblin zombies (Ossuary)
  A hobgoblin zombie (Ossuary)
  A jackal skeleton (D:4)
  2 kobold zombies (Ossuary)
  6 rats
295 creatures vanquished.

Vanquished Creatures (others)
  A scorpion (Ossuary)
  An orc wizard (D:7)
  A mummy (Ossuary)
3 creatures vanquished.

Grand Total: 298 creatures vanquished

Notes
Turn   | Place    | Note
-------+----------+-------------------------------------------
     0 | D:1      | grindst0ne the Mummy Gladiator began the quest for the Orb.
     0 | D:1      | Reached XP level 1. HP: 16/16 MP: 1/1
   388 | D:1      | Reached XP level 2. HP: 23/23 MP: 2/2
   828 | D:2      | Reached skill level 3 in Fighting
   828 | D:2      | Reached XP level 3. HP: 19/29 MP: 3/3
  1126 | D:2      | Found a bloodstained altar of Trog.
  1216 | D:2      | Noticed a phantom
  1526 | D:3      | Reached XP level 4. HP: 33/35 MP: 4/4
  2444 | D:3      | Reached skill level 4 in Fighting
  2444 | D:3      | Reached XP level 5. HP: 26/42 MP: 5/5
  2766 | D:3      | Found a hide-covered altar of Uskayaw.
  3400 | D:4      | Found a shimmering altar of Xom.
  3402 | D:4      | Found an ancient bone altar of Kikubaaqudgha.
  3406 | D:4      | Found a white marble altar of Elyvilon.
  3631 | D:5      | Entered Level 5 of the Dungeon
  3934 | D:6      | Noticed an orc warrior
  3969 | D:5      | an orc warrior changed into a howler monkey
  3971 | D:5      | Reached XP level 6. HP: 17/49 MP: 6/6
  4214 | D:6      | Reached skill level 5 in Fighting
  4216 | D:6      | Noticed an ice beast
  4225 | D:6      | an ice beast changed into a bullfrog
  4467 | D:6      | Found a sand-covered staircase.
  4478 | Ossuary  | Entered an ossuary
  4641 | Ossuary  | Reached skill level 5 in Axes
  4641 | Ossuary  | Reached XP level 7. HP: 35/56 MP: 7/7
  5041 | Ossuary  | Reached skill level 6 in Fighting
  5389 | D:6      | Reached XP level 8. HP: 65/65 MP: 8/8
  5618 | D:6      | Reached skill level 1 in Evocations
  5792 | D:6      | Reached skill level 7 in Fighting
  6422 | D:7      | Found a stormy altar of Qazlal.
  6423 | D:7      | Noticed an air elemental
  6768 | D:7      | Reached skill level 8 in Fighting
  6772 | D:7      | Reached XP level 9. HP: 22/74 MP: 11/11
  7099 | D:7      | Found a staircase to the Ecumenical Temple.
  7168 | Temple   | Entered the Ecumenical Temple
  7205 | Temple   | Became a worshipper of Gozag Ym Sagoz the Greedy
  7303 | D:7      | Found a burning altar of Makhleb.
  7356 | D:7      | Noticed Eustachio
  7391 | D:7      | Killed Eustachio
  7446 | D:7      | Found Pucha's Book Boutique.
  7588 | D:7      | Found a deep blue altar of Sif Muna.
  8264 | D:8      | Reached skill level 1 in Shields
  8631 | D:8      | Found an ornate altar of the Wu Jian Council.
  8664 | D:8      | Reached skill level 9 in Fighting
  9180 | D:9      | Noticed Maurice
  9257 | D:9      | Killed Maurice
  9257 | D:9      | Reached skill level 5 in Evocations
  9257 | D:9      | Reached XP level 10. HP: 57/83 MP: 13/13
 10075 | D:9      | Found Soxicej's Armour Emporium.
 10088 | D:9      | Found a staircase to the Orcish Mines.
 10111 | D:9      | Found Ateluts's Weapon Emporium.
 10314 | D:9      | Bought a +2 pair of gloves for 181 gold pieces
 10324 | D:9      | Bought a +1 helmet for 126 gold pieces
 10718 | D:10     | Entered Level 10 of the Dungeon
 10783 | D:10     | Found a staircase to the Lair.
 11404 | D:10     | Noticed a two-headed ogre
 11410 | D:10     | Killed a two-headed ogre
 11910 | D:11     | Reached skill level 10 in Fighting
 12563 | D:11     | Noticed a two-headed ogre
 12572 | D:11     | Killed a two-headed ogre
 12572 | D:11     | Reached XP level 11. HP: 74/92 MP: 11/15
 12788 | D:11     | Reached skill level 5 in Shields
 13376 | D:12     | Found a labyrinth entrance.
 13385 | Lab      | Entered a labyrinth
 13737 | Lab      | Noticed a minotaur
 13751 | Lab      | Slain by a minotaur

Vault maps used:
D:1:      dpeg_arrival_tiny_k
D:2:      minmay_diamond_boxcup, old_standard_altar
D:3:      marbit_many_paths
D:4:      gammafunk_temple_overflow_forgotten, first_ration
D:5:      serial_corexii_hall, corexii_hall_statues_x,
          corexii_hall_statues_deadend
D:6:      gup_ossuary_entry_pyramid
D:7:      nicolae_qazlal_style_of_elements, lemuel_crystal_altar,
          lightli_temple_of_fire, temple_doors_cd, serial_shops, shop,
          sword_in_stone
D:8:      nicolae_overflow_crystal_walls
D:9:      orc_david_3, uniq_maurice
D:10:     erik_lair_orcish_takeover
D:12:     lab_entry_generic, grunt_pizzeria, lightli_airlock
Temple:   cyrus_circular_temple
Lab:      labyrinth_hidden_loot
Ossuary:  ossuary_minmay_scorpions

Skill      XL: |  1  2  3  4  5  6  7  8  9 10 11 |
---------------+----------------------------------+-----
Axes           | 3 4 5 6 7 8 9 |  9.2
Fighting       | 3 4 5 6 8 9 10 | 10.6
Evocations     | 3 5 6 |  6.0
Shields        | 2 4 5 |  5.2
Throwing       | |  1.5
Dodging        | |  2.4

Action                   |  1- 3 |  4- 6 |  7- 9 | 10-12 || total
-------------------------+-------+-------+-------+-------++-------
Melee: War axe           |   134 |   146 |       |       ||   280
       Hand axe          |       |    93 |   463 |   398 ||   954
Throw: Throwing net      |       |     2 |       |       ||     2
Invok: Potion Petition   |       |       |       |     1 ||     1
Evoke: Wand              |       |     4 |     2 |    10 ||    16
  Use: Scroll            |     3 |     3 |     2 |     9 ||    17
 Stab: Held in net/web   |       |     1 |       |       ||     1
       Distracted        |       |       |     2 |     1 ||     3
Armor: Leather armour    |    54 |     9 |       |       ||    63
       Chain mail        |       |   119 |   221 |    21 ||   361
       Plate armour      |       |       |       |   167 ||   167
Dodge: Dodged            |   123 |   115 |   154 |    44 ||   436
Block: Shield            |       |       |    70 |   212 ||   282

Table legend:
 A = Non-vault XP
 B = Vault XP
 C = Vault XP percentage of total XP
 D = Non-vault monster count
 E = Vault monster count
 F = Vault count percentage of total count
                 A         B        C        D         E       F
            +---------+---------+-------+---------+---------+-------
      Total |   11183 |    2696 |  19.4 |     239 |      57 |  19.3
            +---------+---------+-------+---------+---------+-------
        D:1 |      32 |       0 |   0.0 |      16 |       0 |   0.0
        D:2 |      53 |      11 |  17.2 |      15 |       5 |  25.0
        D:3 |     209 |       2 |   0.9 |      40 |       1 |   2.4
        D:4 |       4 |       0 |   0.0 |       3 |       0 |   0.0
        D:5 |      68 |       0 |   0.0 |       3 |       0 |   0.0
        D:6 |     857 |      14 |   1.6 |      19 |       1 |   5.0
        D:7 |    1286 |     613 |  32.3 |      35 |       5 |  12.5
        D:8 |    1351 |       0 |   0.0 |      27 |       0 |   0.0
        D:9 |    1082 |     856 |  44.2 |      22 |       9 |  29.0
       D:10 |    1349 |     539 |  28.5 |       3 |       9 |  75.0
       D:11 |    4565 |       0 |   0.0 |      49 |       0 |   0.0
       D:12 |     327 |       0 |   0.0 |       7 |       0 |   0.0
    Ossuary |       0 |     661 | 100.0 |       0 |      27 | 100.0
            +---------+---------+-------+---------+---------+-------
